 Dungeon Crawl Stone Soup version 0.14-a0-1707-g75daffb (webtiles) character file.

164 HollowCharge the Slasher (level 4, 0/35 HPs)
             Began as a Djinni Gladiator on Dec 31, 2013.
             Killed from afar by Ijyb (2 damage)
             ... with a wand of magic darts
             ... on Level 2 of the Dungeon.
             The game lasted 00:12:21 (1907 turns).

HollowCharge the Slasher (Djinni Gladiator)         Turns: 1907, Time: 00:12:21

HP   0/35        AC  6     Str 17      XL: 4   Next: 69%
MP   0/0         EV 12     Int  8      God:
Gold 48          SH  0     Dex 13      Spells:  0 memorised,  3 levels left

rFire  + + +     SeeInvis .     a - +0 falchion
rCold  x . .     Clarity  .     b - +0 leather armour
rNeg   + + +     Conserve .     (no shield)
rPois  .         rCorr    .     k - +2 orc helmet
rElec  .         rRot     .     (no cloak)
SustAb . .       Spirit   .     (no gloves)
rMut   .         Warding  .     (boots unavailable)
Saprov . . .     Stasis   .     (no amulet)
                                (no ring)
                                (no ring)

@: flying, slightly resistant to hostile enchantments, unstealthy
A: fire immunity, cold vulnerability, life protection 3
a: no special abilities


You were on level 2 of the Dungeon.
You were not hungry.

You visited 1 branch of the dungeon, and saw 2 of its levels.

You collected 48 gold pieces.

Inventory:

Hand weapons
 a - a +0,+0 falchion (weapon)
Missiles
 e - a throwing net [torn] (quivered)
 p - 2 throwing nets [torn]
Armour
 b - a +0 leather armour (worn)
 k - a +2 orcish helmet (worn)
Magical devices
 g - a wand of flame (3) {unknown}
Scrolls
 j - a scroll of curse weapon {unknown}
 l - a scroll of remove curse {unknown}
Potions
 c - 4 potions of resistance {unknown}
 f - a potion of confusion {unknown}
 m - a potion of mutation {unknown}
 n - a potion of curing {unknown}
 q - a potion of lignification {unknown}
Books
 o - a book of Burglary

   Spells                             Type                      Level
   Apportation                        Translocation                1
   Swiftness                          Charms/Air                   2
   Passwall                           Transmutation/Earth          3
   Passage of Golubria                Translocation                4
   Lee's Rapid Deconstruction         Earth                        5
   Darkness                           Hexes                        7


   Skills:
 * Level 3.0 Fighting
 * Level 3.7 Long Blades
 - Level 1.7 Throwing
 + Level 1.8 Armour
 + Level 3.3 Dodging


You had 3 spell levels left.
You didn't know any spells.

Dungeon Overview and Level Annotations

Branches:
Dungeon (2/16)

Altars:

Annotations:
D:2 Ijyb, Sigmund, Terence


Innate Abilities, Weirdness & Mutations

You are immune to all types of fire, even holy and hellish.
You are vulnerable to cold.
You need no food.
You have no legs.
You are immune to negative energy.


Message History

Ijyb hits you with a runed elven dagger.
You closely miss Ijyb.
Ijyb zaps a wand.
The magic dart hits you!
You hit Ijyb.
Ijyb is lightly wounded.
Ijyb zaps a wand.
The magic dart hits you!
You closely miss Ijyb.
Ijyb is lightly wounded.
Ijyb zaps a wand.
The magic dart hits you!
* * * LOW HITPOINT WARNING * * *
As you read the scroll of fear, it crumbles to dust.
You assume a fearsome visage.
Ijyb looks frightened!
Ijyb turns to fight!
Ijyb zaps a wand.
The magic dart hits you!
* * * LOW HITPOINT WARNING * * *
As you read the scroll of teleportation, it crumbles to dust.
You feel strangely unstable. Ijyb misses you.
Ijyb zaps a wand.
The magic dart hits you!
* * * LOW HITPOINT WARNING * * *
Your surroundings seem slightly different.
Ijyb zaps a wand.
The magic dart hits you!
You die...

. #.###...###...## ...
#.##....# #....# ...##
#..+.♣.## ##.♣.' #..#
#.##...# #...# #..
#.###+## ##.## ##.##
#.##.. #.# . ##...###.##.#
#.#
#..#..#!%##.##.########.##
##...###.@................
..#..#..##.###########.##
#.........# #.#
#(........# #.#
#.........# #.#
#....g....# #.##
#[....?...# #...
#.........# ####
#.........#


You could see Ijyb.

Vanquished Creatures
  6 adders (D:2)
  A worm (D:2)
  A giant gecko (D:1)
  5 bats
  2 giant cockroaches (D:1)
  7 hobgoblins
  6 jackals (D:1)
  7 kobolds
  4 quokkas
  2 giant newts
  8 goblins
  5 rats
54 creatures vanquished.

Notes
Turn   | Place    | Note
--------------------------------------------------------------
     0 | D:1      | HollowCharge, the Djinni Gladiator, began the quest for the Orb.
     0 | D:1      | Reached XP level 1. HP: 15/15 MP: 0/0
    80 | D:1      | Reached XP level 2. EP: 7/21
   541 | D:1      | Reached skill level 1 in Armour
   544 | D:1      | Reached XP level 3. EP: 23/27
  1082 | D:2      | Reached XP level 4. EP: 32/34
  1149 | D:2      | Noticed Sigmund
  1788 | D:2      | Noticed Terence
  1892 | D:2      | Noticed Ijyb
  1904 | D:2      | HP: 1/35 [Ijyb/wand of magic darts (5)]
  1907 | D:2      | Killed from afar by Ijyb

Action                   |  1- 3 |  4- 6 || total
-------------------------+-------+-------++-------
Melee: Falchion          |   149 |    83 ||   232
Throw: Throwing net      |     8 |     6 ||    14
  Use: Scroll            |       |     8 ||     8
 Stab: Sleeping          |     1 |       ||     1
       Held in net/web   |     3 |     2 ||     5
